 Dungeon Crawl Stone Soup version 0.31-a0-875-g02e7d12df6 (webtiles) character file.

Game seed: 12117134196175055932

1246 croobank the Conjurer (level 8, 0/58 HPs)
             Began as a Gnoll Conjurer on Oct 12, 2023.
             Was a Follower of Sif Muna.
             Slain by a wraith (7 damage)
             ... on level 6 of the Dungeon.
             The game lasted 00:14:59 (5126 turns).

croobank the Conjurer (Gnoll Conjurer)              Turns: 5126, Time: 00:14:59

Health: 0/58       AC:  2    Str: 13    XL:     8   Next: 50%
Magic:  10/17      EV: 13    Int: 19    God:    Sif Muna [*.....]
Gold:   367        SH:  0    Dex: 11    Spells: 16/19 levels left

rFire   . . .        G - +2 dagger (speed)
rCold   . . .        (no shield)
rNeg    . . .        a - +0 robe
rPois   .            t - melded +2 hat
rElec   .            c - melded +0 cloak
rCorr   .            (gloves currently unavailable)
SInv    .            (boots currently unavailable)
Will    .....        (no amulet)
Stlth   +++          F - +6 ring of strength
HPRegen 0.29/turn    q - +4 ring of slaying
MPRegen 0.15/turn

%: no passive effects
@: beast-form, slowed, very slow
A: beast (slay +1), fangs 1, strong nose, distributed training
a: Begin Untransformation, Renounce Religion, Channel Magic


You were on level 6 of the Dungeon.
You worshipped Sif Muna.
Sif Muna was aware of your devotion.
You were a hulking beast.
You visited 2 branches of the dungeon, and saw 7 of its levels.

You collected 367 gold pieces.

Inventory:

Hand Weapons
 e - a +2 dagger of venom
 h - a +0 quarterstaff
 u - a +1 vampiric dagger
 v - a +2 falchion of holy wrath
 G - a +2 dagger of speed (weapon)
Missiles
 d - 5 poisoned darts
 l - 6 boomerangs
 A - 5 javelins
Armour
 a - a +0 robe (worn)
 c - a +0 cloak (melded)
 t - a +2 hat (melded)
Jewellery
 i - a ring of protection from fire
 q - a +4 ring of slaying (right hand)
 C - a ring of willpower
 F - a +6 ring of strength (left hand)
Talismans
 D - a beast talisman (active)
Wands
 z - a wand of mindburst (12)
 E - a wand of charming (9)
Scrolls
 k - 2 scrolls of teleportation
 p - a scroll of blinking {unknown}
 r - a scroll of identify
 x - a scroll of revelation {unknown}
Potions
 b - a potion of magic
 f - a potion of heal wounds
 j - a potion of cancellation
 m - a potion of mutation
 n - a potion of enlightenment
 o - 3 potions of brilliance
 s - a potion of haste {unknown}
 w - a potion of degeneration {unknown}
 B - a potion of curing {unknown}


   Skills:
 + Level 3.4 Fighting
 + Level 3.4 Short Blades
 + Level 3.4 Long Blades
 + Level 3.4 Axes
 + Level 3.4 Maces & Flails
 + Level 3.4 Polearms
 + Level 3.4 Staves
 + Level 3.4 Ranged Weapons
 + Level 3.4 Throwing
 + Level 3.4 Armour
 + Level 5.7 Dodging
 + Level 5.4 Stealth
 + Level 3.4 Shields
 + Level 3.4 Unarmed Combat
 + Level 6.1 Spellcasting
 + Level 7.7 Conjurations
 + Level 2.7 Hexes
 + Level 2.7 Summonings
 + Level 2.7 Necromancy
 + Level 2.7 Translocations
 + Level 2.7 Transmutations
 + Level 2.7 Fire Magic
 + Level 2.7 Ice Magic
 + Level 2.7 Air Magic
 + Level 2.7 Earth Magic
 + Level 2.7 Poison Magic
 + Level 3.7 Invocations
 + Level 3.4 Evocations
 + Level 3.1 Shapeshifting


You had 16 spell levels left.
You knew the following spells:

 Your Spells              Type           Power      Damage    Failure   Level
a - Magic Dart            Conj           100%       1d8       1%          1
b - Searing Ray           Conj           70%        2d7       1%          2

Your spell library contained the following spells:

 Spells                   Type           Power      Damage    Failure   Level
 Freeze                   Ice            64%        1d7       3%          1
 Dazzling Flash           Conj/Hex       50%        N/A       3%          3
 Hailstorm                Conj/Ice       25%        3d7       3%          3
 Frozen Ramparts          Ice            32%        1d5       11%         3
 Ignite Poison            Fire/Tmut/Pois 16%        N/A       11%         3
 Tukima's Dance           Hex            16%        N/A       11%         3
 Fulminant Prism          Conj/Hex       12%        3d8       13%         4
 Iskenderun's Mystic Bla  Conj/Tloc      25%        2d7       13%         4
 Sticky Flame             Conj/Fire      25%        2d5       13%         4
 Dimensional Bullseye     Hex/Tloc       8%         N/A       34%         4
 Agony                    Necr           16%        N/A       69%         5
 Silence                  Hex/Air        8%         N/A       69%         5
 Ignition                 Fire           8%         3d5       100%        8


Dungeon Overview and Level Annotations

Branches:
Dungeon (6/15)             Temple (1/1) D:4

Altars:
Ashenzari
Cheibriados
Dithmenos
Fedhas
Gozag
Hepliaklqana
Kikubaaqudgha
Nemelex Xobeh
Qazlal
Ru
Sif Muna
Trog
Vehumet
Xom
Yredelemnul
Zin

Annotations:
D:6 Pikel


Innate Abilities, Weirdness & Mutations

You are a hulking beast.
Your limbs bulge with bestial killing power. (Slay +1)
You have very sharp teeth.
Your uncanny sense of smell can sniff out nearby items.
Your experience applies equally to all skills.


Message History

The wraith hits you! The wraith drains your vigour!
You feel yourself slow down.
The searing ray hits the wraith but does no damage.
The wraith is moderately damaged.
The searing ray hits the iguana.
The iguana is almost dead.
You finish channelling your searing ray.
The wraith closely misses you. The wraith hits you!
The wraith drains your vigour!
You feel as though you will be slow longer.
Casting: Searing Ray (safe; 1% risk of failure)
Confirm with . or Enter, or press ? or * to list all spells.
Aiming: Searing Ray (safe; 1% risk of failure)
Press: ? - help, Shift-Dir - straight line, f - iguana
Aim: an iguana (almost dead, 83% to hit)
The searing ray misses the wraith.
The searing ray misses the iguana. (Press . to maintain the ray.)
The wraith misses you.
The searing ray hits the wraith but does no damage.
The wraith is moderately damaged.
The searing ray hits the iguana.
You kill the iguana!
Sif Muna accepts your kill. The wraith hits you!
* * * LOW HITPOINT WARNING * * *
The wraith drains your vigour!
You feel as though you will be slow longer.
The wraith hits you.
* * * LOW HITPOINT WARNING * * *
The wraith drains your vigour!
You feel as though you will be slow longer.
The searing ray hits the wraith but does no damage.
The wraith is moderately damaged.
The wraith barely misses you.
As you read the scroll of butterflies, it crumbles to dust.
You hear the flapping of tiny wings.
The wraith is knocked back by the sudden gust.
The wraith closely misses you.
You swap places.
The wraith hits you!
You die...

#...............#
###..............##
#...............##
.............###
###........##
###b.###.# ###b.##
#..# ###bbb## #..#


#bh.bb# ##.. #bW###..# ... #bbb#b .#..# ..## ##bb .b# #... ..# ##. b#. #... ...
#b ###: #... #. #. #.. #. #. You could see a wraith (ally target).

Vanquished Creatures
  A troll (D:6)
  A black bear (D:5)
  2 lemures (D:6)
  A bullfrog (D:6)
  A kobold brigand (D:6)
  5 scorpions
  A howler monkey (D:5)
  A jelly (D:6)
  An orc priest (D:6)
  A hound (D:5)
  5 iguanas
  2 sleepcaps
  2 orc wizards
  3 gnolls (D:5)
  4 adders
  A shadow imp (D:5)
  A worm (D:4)
  A dart slug (D:2)
  11 orcs
  3 bats
  6 endoplasms
  2 giant cockroaches
  5 goblins
  6 hobgoblins
  2 quokkas
  5 ball pythons
  A frilled lizard (D:3)
  10 kobolds
  3 rats (D:1)
88 creatures vanquished.

Notes
Turn   | Place    | Note
-------+----------+-------------------------------------------
     0 | D:1      | croobank the Gnoll Conjurer began the quest for the Orb.
     0 | D:1      | Reached XP level 1. HP: 13/13 MP: 6/6
   456 | D:1      | Reached XP level 2. HP: 19/19 MP: 5/7
   954 | D:2      | Learned a level 2 spell: Searing Ray
  1102 | D:2      | Reached XP level 3. HP: 25/25 MP: 5/9
  1142 | D:2      | Reached skill level 5 in Spellcasting
  1490 | D:3      | Reached skill level 1 in Invocations
  1498 | D:3      | Reached skill level 1 in Fighting
  1498 | D:3      | Reached skill level 1 in Short Blades
  1498 | D:3      | Reached skill level 1 in Long Blades
  1498 | D:3      | Reached skill level 1 in Axes
  1498 | D:3      | Reached skill level 1 in Maces & Flails
  1498 | D:3      | Reached skill level 1 in Polearms
  1498 | D:3      | Reached skill level 1 in Staves
  1498 | D:3      | Reached skill level 1 in Ranged Weapons
  1498 | D:3      | Reached skill level 1 in Throwing
  1498 | D:3      | Reached skill level 1 in Armour
  1498 | D:3      | Reached skill level 1 in Shields
  1498 | D:3      | Reached skill level 1 in Unarmed Combat
  1498 | D:3      | Reached skill level 1 in Evocations
  1498 | D:3      | Reached skill level 1 in Shapeshifting
  1498 | D:3      | Reached XP level 4. HP: 29/32 MP: 1/11
  1892 | D:3      | Reached skill level 1 in Hexes
  1892 | D:3      | Reached skill level 1 in Summonings
  1892 | D:3      | Reached skill level 1 in Necromancy
  1892 | D:3      | Reached skill level 1 in Translocations
  1892 | D:3      | Reached skill level 1 in Transmutations
  1892 | D:3      | Reached skill level 1 in Fire Magic
  1892 | D:3      | Reached skill level 1 in Ice Magic
  1892 | D:3      | Reached skill level 1 in Air Magic
  1892 | D:3      | Reached skill level 1 in Earth Magic
  1892 | D:3      | Reached skill level 1 in Poison Magic
  2083 | D:3      | Noticed a scorpion
  2090 | D:3      | Killed a scorpion
  2091 | D:3      | Reached XP level 5. HP: 34/37 MP: 5/12
  2605 | D:4      | Found a staircase to the Ecumenical Temple.
  3175 | Temple   | Entered the Ecumenical Temple
  3211 | Temple   | Became a worshipper of Sif Muna the Loreminder
  3277 | D:5      | Entered Level 5 of the Dungeon
  3286 | D:5      | Reached XP level 6. HP: 25/44 MP: 9/13
  3486 | D:5      | Reached skill level 5 in Dodging
  3742 | D:5      | Reached XP level 7. HP: 50/50 MP: 8/15
  4258 | D:5      | Reached skill level 5 in Stealth
  4710 | D:6      | Noticed Pikel
  4824 | D:6      | Reached XP level 8. HP: 36/57 MP: 5/16
  4968 | D:6      | Reached * piety under Sif Muna
  5102 | D:6      | Noticed a troll
  5106 | D:6      | Noticed a wraith
  5116 | D:6      | Killed a troll
  5126 | D:6      | Slain by a wraith

Illustrated notes

Levels and vault maps discovered:
D:1:      nagdon_arrival_double_spiral, layout_basic
D:2:      layout_basic, reono_crystal_passage
D:3:      layout_basic, roderic_lattice_a, hangedman_abyss_or_decor_stabs,
          minmay_misc_feat_square
D:4:      layout_cave_pods, minmay_temple_entry_statues, minmay_cupped
D:5:      layout_rooms, serial_rivers, chequers_serial_rivers_micro_c,
          chequers_serial_rivers_micro_c, chequers_serial_rivers_micro_a,
          chequers_serial_rivers_small_a, chequers_serial_rivers_micro_d,
          chequers_serial_rivers_large_b, kennysheep_generic_room_6
D:6:      layout_cave_pods, minmay_manual_mail, uniq_eustachio, uniq_pikel,
          uniq_jeremiah
Temple:   eino_temple_rhombus

Skill      XL: |  1  2  3  4  5  6  7  8 |
---------------+-------------------------+-----
Spellcasting   | 5 6 |  6.1
Invocations    | 1 2 3 |  3.7
Fighting       | 1 2 3 |  3.4
Short Blades   | 1 2 3 |  3.4
Long Blades    | 1 2 3 |  3.4
Axes           | 1 2 3 |  3.4
Maces & Flails | 1 2 3 |  3.4
Polearms       | 1 2 3 |  3.4
Staves         | 1 2 3 |  3.4
Ranged Weapons | 1 2 3 |  3.4
Throwing       | 1 2 3 |  3.4
Armour         | 1 2 3 |  3.4
Shields        | 1 2 3 |  3.4
Unarmed Combat | 1 2 3 |  3.4
Evocations     | 1 2 3 |  3.4
Shapeshifting  | 1 2 3 |  3.1
Hexes          | 1 2 |  2.7
Summonings     | 1 2 |  2.7
Necromancy     | 1 2 |  2.7
Translocations | 1 2 |  2.7
Transmutations | 1 2 |  2.7
Fire Magic     | 1 2 |  2.7
Ice Magic      | 1 2 |  2.7
Air Magic      | 1 2 |  2.7
Earth Magic    | 1 2 |  2.7
Poison Magic   | 1 2 |  2.7
Dodging        | 5 |  5.7
Stealth        | 5 |  5.4
Conjurations   | |  7.7

Action                     |  1- 3 |  4- 6 |  7- 9 || total
---------------------------+-------+-------+-------++-------
  Melee: Short sword       |     6 |    19 |     7 ||    32
         Bite              |     1 |     1 |     4 ||     6
         Dagger            |       |       |    25 ||    25
         Punch             |       |       |     3 ||     3
  Throw: Throwing net      |       |       |     1 ||     1
   Cast: Magic Dart        |    42 |    20 |     8 ||    70
         Searing Ray       |     6 |    15 |    21 ||    42
    Use: Scroll            |     3 |       |     7 ||    10
         Potion            |       |       |     1 ||     1
   Stab: Sleeping          |       |     5 |     1 ||     6
 Armour: Robe              |    12 |    17 |    32 ||    61
  Dodge: Dodged            |     6 |    29 |    46 ||    81
   Form: Beast             |       |       |     1 ||     1

Table legend: (Time is in decaauts)
 A = Elapsed time spent in this place.
 B = Non-inter-level travel time spent in this place.
 C = Inter-level travel time spent in this place.
 D = Time resting spent in this place.
 E = Time spent auto-exploring this place.
 F = Levels seen in this place.
 G = Mean time per level.
                   A        B        C        D        E       F      G
               +--------+--------+--------+--------+--------+-----+--------+
         Total |   5148 |   4903 |    245 |    806 |   3364 |   7 |  735.4 |
       Dungeon |   5101 |   4902 |    199 |    806 |   3364 |   6 |  850.2 |
        Temple |     46 |      1 |     45 |      0 |      0 |   1 |   46.0 |
               +--------+--------+--------+--------+--------+-----+--------+

Top non-repeatable levels by time:
     D:5: 1352 daAuts
     D:3: 1069 daAuts
     D:4: 879 daAuts
     D:1: 646 daAuts
     D:2: 631 daAuts
     D:6: 522 daAuts
  Temple: 46 daAuts
